 Dungeon Crawl Stone Soup version 0.18.1-6-gd335043 (webtiles) character file.

47 epen the Gusty (level 3, -2/19 HPs)
             Began as a Tengu Air Elementalist on May 16, 2016.
             Slain by a gnoll
             ... wielding a +0 whip
              (8 damage)
             ... on level 1 of the Dungeon.
             The game lasted 00:05:57 (1930 turns).

epen the Gusty (Tengu Air Elementalist)             Turns: 1930, Time: 00:05:59

Health: -2/19      AC:  2    Str:  8    XL:     3   Next: 70%
Magic:  5/8        EV: 13    Int: 16    God:
Gold:   90         SH:  0    Dex: 14    Spells: 3 memorised, 1 level left

rFire  . . .     SeeInvis .     i - -1 dagger (curse)
rCold  . . .     Gourm    .     a - +0 robe
rNeg   . . .     Faith    .     (no shield)
rPois  .         Spirit   .     (helmet restricted)
rElec  .         Dismiss  .     (no cloak)
rCorr  .         Reflect  .     (no gloves)
SustAt .         Harm     .     (boots unavailable)
MR     .....                    (no amulet)
Stlth  ++........               (no ring)
                                (no ring)

@: not resistant to hostile enchantments, unstealthy
A: beak, talons 3
a: no special abilities


You were on level 1 of the Dungeon.
You were very hungry.

You visited 1 branch of the dungeon, and saw 2 of its levels.

You collected 90 gold pieces.

Inventory:

Hand Weapons
 i - a cursed -1 dagger (weapon)
Armour
 a - a +0 robe (worn)
Scrolls
 e - 3 scrolls of identify {unknown}
 g - 2 scrolls of teleportation {unknown}
 k - a scroll of immolation {unknown}
 l - a scroll of fear {unknown}
 m - a scroll of blinking {unknown}
 n - 2 scrolls of remove curse {unknown}
Potions
 d - a potion of brilliance {unknown}
 f - 2 potions of agility {unknown}
 j - a potion of ambrosia {unknown}
Books
 b - a book of Air

   Spells                             Type                      Level
   a - Shock                          Conjuration/Air              1
   b - Swiftness                      Charms/Air                   2
   c - Repel Missiles                 Charms/Air                   2
   d - Static Discharge               Conjuration/Air              3
   e - Lightning Bolt                 Conjuration/Air              5
Comestibles
 c - 4 bread rations
 h - a slice of pizza


   Skills:
 * Level 2.8 Dodging
 - Level 2.0 Stealth
 * Level 2.6 Spellcasting
 * Level 2.3 Conjurations
 * Level 4.5 Air Magic


You had one spell level left.
You knew the following spells:

 Your Spells              Type           Power        Failure   Level  Hunger
a - Shock                 Conj/Air       ##..         6%          1    #......
b - Repel Missiles        Chrm/Air       #.....       14%         2    ##.....
c - Static Discharge      Conj/Air       ##......     14%         3    ###....


Dungeon Overview and Level Annotations

Branches:
Dungeon (2/15)

Altars:
Elyvilon


Innate Abilities, Weirdness & Mutations

You have a beak for a mouth.
You have claws for feet.


Message History

Aiming: Shock
Press: ? - help, Shift-Dir - straight line, f/p - gnoll
Aim: a gnoll, wielding a whip (heavily wounded)
The zap hits the gnoll.
The gnoll is heavily wounded.
Casting: Shock
Confirm with . or Enter, or press ? or * to list all spells.
Aiming: Shock
Press: ? - help, Shift-Dir - straight line, f/p - gnoll
Aim: a gnoll, wielding a whip (heavily wounded)
The zap misses the gnoll.
The gnoll hits you with a whip.
You see here a club.
Casting: Shock
Confirm with . or Enter, or press ? or * to list all spells.
The gnoll is struck by lightning.
The gnoll is severely wounded.
The lightning arcs!
You are struck by lightning.
The lightning grounds out.
You are feeling very hungry.
The gnoll hits you with a whip!
You die...

#.# ##### #.# #.# #.#
#.###...## #.# #.# #.#
#.##.....#######.# #.# #.#
##.##.............# #.# #.#
#.................# #.# #.#
#..###...#.##.##.## #.# #.#
#..# ##.##.##.##.# #.# #.#
##..####.##.##.##)####.#####.#
............##.g@............#
########.#####################
########.# .........#
##########


You could see a gnoll.

Vanquished Creatures
  A dart slug (D:1)
  4 bats (D:1)
  A giant cockroach (D:2)
  10 goblins
  6 hobgoblins
  7 jackals
  4 kobolds
  A giant newt (D:1)
  4 rats
38 creatures vanquished.

Notes
Turn   | Place    | Note
--------------------------------------------------------------
     0 | D:1      | epen the Tengu Air Elementalist began the quest for the Orb.
     0 | D:1      | Reached XP level 1. HP: 10/10 MP: 4/4
   142 | D:1      | Reached XP level 2. HP: 15/15 MP: 1/6
   744 | D:1      | Learned a level 2 spell: Repel Missiles
   913 | D:1      | Reached XP level 3. HP: 16/19 MP: 1/7
  1005 | D:2      | Learned a level 3 spell: Static Discharge
  1280 | D:2      | Found a white marble altar of Elyvilon.
  1930 | D:1      | Slain by a gnoll

Skill      XL: |  1  2 |
---------------+-------+-----
Conjurations   | 2 |  2.3
Dodging        | |  2.8
Stealth        | |  2.0
Spellcasting   | |  2.6
Air Magic      | |  4.5

Action                   || total
-------------------------++-------
Melee: Dagger            ||    45
       Kick              ||    10
       Peck              ||     4
 Cast: Shock             ||    82
       Repel Missiles    ||     1
       Static Discharge  ||     6
  Eat: Chunk             ||     4
Armor: Robe              ||     7
Dodge: Dodged            ||    66
       Deflected         ||     2
